 Dungeon Crawl Stone Soup version 0.25-a0-578-gc91f01c39c (webtiles) character file.

Game seed: 2372337972984358712, levelgen mode: deterministic

116 wullow the Shield-Bearer (level 4, -3/35 HPs)
             Began as a Demonspawn Fighter on Mar 6, 2020.
             Killed from afar by Pikel (7 damage)
             ... with a puff of flame
             ... on level 3 of the Dungeon.
             The game lasted 00:03:35 (2658 turns).

wullow the Shield-Bearer (Demonspawn Fighter)       Turns: 2658, Time: 00:03:36

Health: -3/35      AC:  6    Str: 18    XL:     4   Next: 69%
Magic:  4/4        EV:  9    Int:  9    God:
Gold:   90         SH:  9    Dex: 12    Spells: 3/3 levels left

rFire    . . .     SeeInvis .   a - +0 trident
rCold    . . .     Gourm    .   c - +0 kite shield
rNeg     . . .     Faith    .   b - +0 scale mail
rPois    .         Spirit   .   (helmet restricted)
rElec    .         Reflect  .   (no cloak)
rCorr    .         Harm     .   (no gloves)
MR       .....                  (no boots)
Stlth    ..........             (no amulet)
HPRegen  0.11/turn              (no ring)
MPRegen  0.09/turn              (no ring)

@: no status effects
A: antennae 1, repulsion field 1, demonic guardian 1
a: no special abilities


You were on level 3 of the Dungeon.
You were hungry.

You visited 1 branch of the dungeon, and saw 4 of its levels.

You collected 90 gold pieces.

Inventory:

Hand Weapons
 a - a +0 trident (weapon)
Missiles
 i - 173 stones (quivered)
 p - 64 arrows
 r - 37 sling bullets
Armour
 b - a +0 scale mail (worn)
 c - a +0 kite shield (worn)
Wands
 o - a wand of iceblast (5)
Scrolls
 j - 3 scrolls of remove curse {unknown}
 k - 6 scrolls of identify
 l - 2 scrolls of amnesia {unknown}
 s - a scroll of teleportation {unknown}
Potions
 d - a potion of might
 e - a potion of mutation
 g - a potion of haste
 h - a potion of curing
 m - a potion of lignification
 n - a potion of flight
Comestibles
 f - 7 rations


   Skills:
 + Level 3.4 Fighting
 * Level 3.0 Polearms
 + Level 3.1 Armour
 * Level 3.6 Shields


You had 3 spell levels left.
You didn't know any spells.
Your spell library was empty.

Dungeon Overview and Level Annotations

Branches:
Dungeon (4/15)
 Temple: D:4-7

Altars:
Gozag
Nemelex Xobeh
Zin

Annotations:
D:3 Pikel
D:4 Edmund


Innate Abilities, Weirdness & Mutations

You have a pair of small antennae on your head.
You are surrounded by a mild repulsion field. (EV +2)
A weak demonic guardian rushes to your aid.


Message History

Attack whom?
Press: ? - help, Dir - move target cursor, f/p - Pikel
Aim: Pikel, wielding a +1 whip of electrocution, wearing a +0 robe and carrying a wand of flame (17) (heavily wounded)
You puncture Pikel!
Pikel is severely wounded.
Pikel zaps a wand.
The puff of flame hits you.
Attack whom?
Press: ? - help, Dir - move target cursor, f/p - Pikel
Aim: Pikel, wielding a +1 whip of electrocution, wearing a +0 robe and carrying a wand of flame (16) (severely wounded)
You barely miss Pikel.
Pikel is severely wounded.
Pikel hits you but does no damage. Pikel waves his whip at you.
Pikel hits you with a +1 whip of electrocution!
You are electrocuted!
* * * LOW HITPOINT WARNING * * *
Unknown command.
Okay, then.
Pikel zaps a wand.
The puff of flame hits you!
You die...

#.####.###.#..##.####.#####..####
.......# #.#.....................
#.####.# #.#..##.####.#####..####
#.# #.# #.#..##.# #.# #..# #.#
#.# #....##.####.#####..#### #.#
#.# ##...................... #.#
#.# #..###.####.########### #.#
#.####..###.# #.########### #.#
#........##@# #............
#.####.##....###.####.#####.#####
............>p.K............#####
..#.##.##...####.................
#.#.##.###### #.####.#####.#####
###.##.# #######.####.#####.#####
.......# #.......................
###.##.# #######.####.#####.#####
#.##.# #......# #)#


You could see Pikel.

Vanquished Creatures
  2 adders
  An ooze (D:1)
  3 dart slugs
  2 leopard geckos
  6 orcs (D:3)
  10 bats
  14 giant cockroaches
  7 goblins
  7 hobgoblins
  8 kobolds
  2 quokkas (D:2)
  A ball python (D:2)
  A frilled lizard (D:1)
  9 rats
73 creatures vanquished.

Notes
Turn   | Place    | Note
-------+----------+-------------------------------------------
     0 | D:1      | wullow the Demonspawn Fighter began the quest for the Orb.
     0 | D:1      | Reached XP level 1. HP: 18/18 MP: 1/1
    59 | D:1      | Gained mutation: A weak demonic guardian rushes to your
                  | aid. [demonic ancestry]
    59 | D:1      | Reached XP level 2. HP: 24/24 MP: 2/2
   480 | D:1      | Gained mutation: You are surrounded by a mild repulsion
                  | field. (EV +2) [demonic ancestry]
   480 | D:1      | Reached XP level 3. HP: 29/29 MP: 3/3
  1682 | D:3      | Gained mutation: You have a pair of small antennae on your
                  | head. [demonic ancestry]
  1682 | D:3      | Reached XP level 4. HP: 30/35 MP: 4/4
  2017 | D:3      | Found a glowing silver altar of Zin.
  2309 | D:3      | Found a sparkling altar of Nemelex Xobeh.
  2403 | D:3      | Found an opulent altar of Gozag.
  2634 | D:4      | Noticed Pikel
  2634 | D:4      | Noticed a slave
  2635 | D:4      | Noticed a slave
  2638 | D:4      | Noticed a slave
  2638 | D:4      | Noticed a slave
  2640 | D:4      | Noticed Edmund
  2658 | D:3      | Killed from afar by Pikel

Levels and vault maps discovered:
D:1:      mainiacjoe_arrival_reflecting_pool, layout_loops_ring,
          ebering_dispersal_statue_hall
D:2:      layout_rooms, serial_co_window_serial, co_window_paths_a,
          co_window_cross_1, co_window_of_opportunity_a, co_window_paths_a,
          co_window_paths_a, co_window_corner_a, co_window_paths_b,
          co_window_paths_b, co_window_corner_a, co_window_unsneaky_path_e,
          co_window_broadway_c, co_window_broadway_c, co_window_paths_e
D:3:      minmay_roachtagon, layout_basic, lemuel_round_altar,
          lemuel_round_altar, zin_academy
D:4:      layout_cave_pools, lemuel_coloured_pillars_altar,
          grunt_dithmenos_smoke_and_mirrors, lightli_temple_of_fire,
          ebering_ghost_rock_garden, kennysheep_cluttered_room,
          nemelex_lonely_heart_becter, uniq_edmund, uniq_pikel

Skill      XL: |  1  2  3  4 |
---------------+-------------+-----
Polearms       | 2 3 |  3.0
Shields        | 3 |  3.6
Armour         | 3 |  3.1
Fighting       | |  3.4

Action                   |  1- 3 |  4- 6 || total
-------------------------+-------+-------++-------
Melee: Trident           |   148 |   100 ||   248
  Use: Scroll            |       |     5 ||     5
  Eat: Chunk             |     3 |     2 ||     5
Armor: Scale mail        |    43 |    45 ||    88
Dodge: Dodged            |    34 |    39 ||    73
Block: Kite shield       |    50 |    57 ||   107

Table legend:
 A = Non-vault XP
 B = Vault XP
 C = Vault XP percentage of total XP
 D = Non-vault monster count
 E = Vault monster count
 F = Vault count percentage of total count
                 A         B        C        D         E       F
            +---------+---------+-------+---------+---------+-------
      Total |     142 |      24 |  14.5 |      61 |      12 |  16.4
            +---------+---------+-------+---------+---------+-------
        D:1 |      44 |       0 |   0.0 |      22 |       0 |   0.0
        D:2 |      47 |       0 |   0.0 |      20 |       0 |   0.0
        D:3 |      51 |      24 |  32.0 |      19 |      12 |  38.7
            +---------+---------+-------+---------+---------+-------
